 Dungeon Crawl Stone Soup version 0.29-a0-1009-g60c99734e7 (webtiles) character file.

Game seed: 6844214471792799649

11568 gelatine the Frost Mage (level 11, -3/78 HPs)
             Began as a Demonspawn Ice Elementalist on Aug 9, 2022.
             Slain by a death yak (23 damage)
             ... on level 10 of the Dungeon.
             The game lasted 01:04:24 (13339 turns).

gelatine the Frost Mage (DsIE)                     Turns: 13339, Time: 01:04:24

Health: -3/78      AC:  8    Str:  8    XL:     11   Next: 51%
Magic:  22/24      EV: 18    Int: 28    God:
Gold:   449        SH:  4    Dex: 15    Spells: 13/29 levels left

rFire   + + .      SeeInvis .   t - +3 dagger of Ninu {vorpal, rElec rF++ rN+ Int+2}
rCold   . . .      Faith    .   (no shield)
rNeg    + . .      Spirit   .   a - +0 robe
rPois   .          Reflect  .   Q - +0 helmet
rElec   +          Harm     .   (cloak unavailable)
rCorr   .          Rampage  .   (no gloves)
Will    .....                   o - +1 pair of boots
Stlth   ++........              H - amulet of magic regeneration
HPRegen 0.23/turn               h - +4 ring of evasion
MPRegen 0.59/turn               O - +6 ring of intelligence

@: about to teleport
A: thin metallic scales 2, powered by pain 2, condensation shield, weakness
stinger 3
a: no special abilities


You were on level 10 of the Dungeon.
You visited 1 branch of the dungeon, and saw 10 of its levels.
You also visited: Sewer.

You collected 449 gold pieces.

Inventory:

Hand Weapons
 t - the +3 dagger of Ninu (weapon) {vorpal, rElec rF++ rN+ Int+2}
   (You found it on level 3 of the Dungeon)

   It inflicts extra damage upon your enemies.
   Int:       It affects your intelligence (+2).
   rF:        It greatly protects you from fire.
   rElec:     It insulates you from electricity.
   rN:        It protects you from negative energy.
 B - a +0 hand axe
Missiles
 s - 4 throwing nets
 R - 6 poisoned darts
 T - 3 javelins
Armour
 a - a +0 robe (worn)
 o - a +1 pair of boots (worn)
 N - a +1 cloak
 Q - a +0 helmet (worn)
Magical Staves
 e - a staff of poison
 g - a staff of cold
 n - a staff of conjuration
 L - a staff of earth
Jewellery
 h - a +4 ring of evasion (left hand)
 k - a ring of wizardry
 p - an amulet of guardian spirit
 r - a ring of flight
 v - a ring of resist corrosion
 F - a ring of willpower
 H - an amulet of magic regeneration (around neck)
 O - a +6 ring of intelligence (right hand)
 S - a ring of wizardry
Wands
 C - a wand of polymorph (9)
 E - a wand of charming (19)
 I - a wand of light (2)
 U - a wand of flame (7)
Scrolls
 f - a scroll of summoning
 i - a scroll of immolation
 j - a scroll of poison
 l - 6 scrolls of teleportation
 u - 4 scrolls of vulnerability
 y - a scroll of blinking
 A - 2 scrolls of butterflies
 J - a scroll of amnesia
Potions
 b - 2 potions of mutation
 c - a potion of ambrosia
 d - 5 potions of attraction
 m - a potion of lignification
 w - a potion of magic
 x - 3 potions of curing
 z - 2 potions of invisibility {unknown}
 D - 3 potions of flight {unknown}
 G - 4 potions of berserk rage {unknown}
 M - a potion of haste
 V - a potion of brilliance {unknown}
 W - a potion of might {unknown}


   Skills:
 + Level 4.7 Fighting
 * Level 6.2 Short Blades
 + Level 2.1 Staves
 + Level 0.3 Throwing
 + Level 4.6 Dodging
 + Level 3.1 Stealth
 + Level 2.1 Shields
 + Level 9.5 Spellcasting
 + Level 2.6 Conjurations
 + Level 1.9 Translocations
 + Level 9.5 Ice Magic
 + Level 1.8 Poison Magic
 + Level 3.7 Evocations


You had 13 spell levels left.
You knew the following spells:

 Your Spells              Type           Power      Damage    Failure   Level
a - Freeze                Ice            100%       1d11      1%          1
b - Frozen Ramparts       Ice            100%       1d16      1%          3
c - Ozocubu's Armour      Ice            61%        N/A       1%          3
d - Blink                 Tloc           48%        N/A       3%          2
e - Hailstorm             Conj/Ice       47%        3d11      3%          4
f - Gell's Gravitas       Tloc           24%        N/A       6%          3

Your spell library contained the following spells:

 Spells                   Type           Power      Damage    Failure   Level
 Lesser Beckoning         Tloc           24%        N/A       6%          3
 Teleport Other           Tloc           24%        N/A       6%          3
 Portal Projectile        Hex/Tloc       36%        N/A       9%          3
 Call Canine Familiar     Summ           13%        N/A       13%         3
 Leda's Liquefaction      Hex/Erth       6%         N/A       38%         4
 Manifold Assault         Tloc           24%        N/A       47%         5
 Fireball                 Conj/Fire      10%        3d6       56%         5
 Ozocubu's Refrigeration  Ice            30%        4d14      58%         7
 Dispersal                Tloc           12%        N/A       96%         6
 Polar Vortex             Ice            30%        N/A       100%        9


Dungeon Overview and Level Annotations

Branches:
Dungeon (10/15)            Temple (0/1) D:4             Orc (0/2) D:9
  Sewer (visited)
   Lair: D:8-11

Altars:
Cheibriados
Fedhas
Gozag
Hepliaklqana
Kikubaaqudgha
Ru
Sif Muna
Trog
Jiyva
Lugonu

Annotations:
D:8 3 runed translucent doors, Atlas's ghost, novice OpFE
D:10 1 transporter


Innate Abilities, Weirdness & Mutations

You are mostly covered in thin metallic scales. (AC +3)
You sometimes gain power by taking damage.
A meltable shield of frost defends you. (SH +4)
You have a sharp stinger which inflicts weakening toxins.


Message History

The wall freezes the death yak but does no damage.
The death yak gores you.
The wall freezes the death yak but does no damage.
A river rat comes into view.
You completely miss the death yak.
The death yak is severely wounded.
The death yak misses you.
The wall freezes the death yak!
You block the death yak's attack. The death yak misses you.
Your magical contamination has completely faded away.
Aiming: Charm
Press: ? - help, Q - select action, (/) - cycle Shift-Dir - straight line, f - death yak
Aim: a death yak (lightly wounded, chance to affect: 4%)
The death yak resists with almost no effort.
The wall freezes the death yak.
The death yak gores you!
The death yak gores you but does no damage.
The death yak gores you!
* * * LOW HITPOINT WARNING * * *
You focus on the pain.
You feel your power returning.
As you read the scroll of teleportation, it crumbles to dust.
You feel strangely unstable. The death yak barely misses you.
The wall freezes the death yak.
The death yak gores you.
* * * LOW HITPOINT WARNING * * *
The death yak gores you.
* * * LOW HITPOINT WARNING * * *
You feel better.
The death yak gores you but does no damage.
The wall freezes the death yak.
You kill the death yak!
The death yak barely misses you.
You feel better. The death yak gores you.
* * * LOW HITPOINT WARNING * * *
The wall freezes the river rat but does no damage.
The death yak closely misses you.
Your icy armour and frozen ramparts will break if you move.
Continue?
The death yak attacks as you move away! The death yak gores you.
* * * LOW HITPOINT WARNING * * *
Your icy armour cracks and falls away as you move.
The frozen ramparts melt away as you move.
The death yak attacks as you move away! The death yak gores you!!
You die...

.#.)...........
.#.............
)#.............
>......######..
)......'....#######
.......#..........#
.......#..........+
.......#..######..#
.......#########@r##(.#.
.......# #...YY†).....
.......# #........+...
.......# #........# .
.......# #........#
.......# #..#####+#
.......# ### ........


You could see 2 death yaks and a river rat.

Vanquished Creatures
  A boulder beetle (D:7)
  2 two-headed ogres
  A death yak (D:10)
  Pikel (D:8)
  Joseph (D:9)
  A gargoyle (D:8)
  Psyche (D:10)
  A hornet (D:8)
  Sigmund (D:4)
  Grum (D:8)
  21 yaks
  A water moccasin (D:9)
  2 sky beasts
  4 ice beasts
  6 orc warriors (D:9)
  The ghost of SweetJohnnyV the Trooper, an amateur MiAK of Lugonu (D:3)
  An ogre (D:7)
  The ghost of ytrimaz the Chopper, an amateur FoFi (D:3)
  A centaur (D:8)
  3 wolves (D:8)
  A phantom (D:3)
  2 lemures (D:8)
  2 gnoll sergeants
  A necrophage (D:6)
  13 wights
  5 killer bees (D:8)
  2 electric eels (D:9)
  2 howler monkeys
  5 hounds
  8 orc priests
  2 gnoll boudas
  A jelly (D:6)
  2 iguanas (D:4)
  12 orc wizards
  Terence (D:2)
  19 gnolls
  15 adders
  2 river rats
  A white imp (D:7)
  2 ufetubi
  7 worms
  6 dart slugs
  36 orcs
  7 bats
  9 endoplasms
  8 giant cockroaches
  11 goblins
  5 hobgoblins
  6 jackals
  7 quokkas
  15 ball pythons
  4 frilled lizards
  4 kobolds
  13 rats
288 creatures vanquished.

Vanquished Creatures (others)
  An orc priest (D:4)
1 creature vanquished.

Grand Total: 289 creatures vanquished

Notes
Turn   | Place    | Note
-------+----------+-------------------------------------------
     0 | D:1      | gelatine the Demonspawn Ice Elementalist began the quest
                  | for the Orb.
     0 | D:1      | Reached XP level 1. HP: 13/13 MP: 3/3
   233 | D:1      | Gained mutation: You have a small tail. [demonic ancestry]
   233 | D:1      | Reached XP level 2. HP: 19/19 MP: 3/5
  1055 | D:2      | Gained mutation: You are partially covered in thin metallic
                  | scales. (AC +2) [demonic ancestry]
  1055 | D:2      | Reached XP level 3. HP: 24/24 MP: 4/6
  1177 | D:2      | Noticed Terence
  1206 | D:2      | Killed Terence
  1207 | D:2      | Reached skill level 1 in Evocations
  1380 | D:2      | Gained mutation: You sometimes gain a little power by
                  | taking damage. [demonic ancestry]
  1380 | D:2      | Reached XP level 4. HP: 31/31 MP: 5/7
  1450 | D:2      | Reached skill level 1 in Staves
  1832 | D:2      | Learned a level 3 spell: Frozen Ramparts
  1836 | D:2      | Learned a level 3 spell: Ozocubu's Armour
  2071 | D:2      | Reached skill level 1 in Fighting
  2087 | D:2      | Identified the +4 short sword of Dim Light {vorpal, rN+}
  2132 | D:2      | Found a faded altar of an unknown god.
  2473 | D:3      | Gained mutation: You are mostly covered in thin metallic
                  | scales. (AC +3) [demonic ancestry]
  2473 | D:3      | Reached XP level 5. HP: 35/37 MP: 5/9
  2590 | D:3      | Found a runed translucent gate.
  2591 | D:3      | Found a runed translucent gate.
  2591 | D:3      | Found a runed translucent gate.
  2595 | D:3      | Noticed ytrimaz's ghost (amateur FoFi)
  2595 | D:3      | Noticed SweetJohnnyV's ghost (amateur MiAK)
  2631 | D:3      | Found a hazy altar of Hepliaklqana.
  2635 | D:3      | Learned a level 2 spell: Blink
  2856 | D:3      | Noticed a phantom
  2923 | D:3      | Killed a phantom
  3137 | D:3      | Gained mutation: You have a tail ending in a sharp stinger.
                  | [demonic ancestry]
  3137 | D:3      | Reached XP level 6. HP: 41/43 MP: 1/10
  3181 | D:3      | Identified the +3 dagger of Ninu {vorpal, rElec rF++ rN+
                  | Int+2}
  3760 | D:4      | Noticed Sigmund
  3786 | D:4      | Killed Sigmund
  3794 | D:4      | Reached skill level 5 in Ice Magic
  3975 | D:4      | Gained mutation: A meltable shield of frost defends you.
                  | (SH +4) [demonic ancestry]
  3975 | D:4      | Reached XP level 7. HP: 18/50 MP: 0/12
  4210 | D:4      | Found a staircase to the Ecumenical Temple.
  4293 | D:4      | Found a glowing drain.
  4297 | Sewer    | Entered a sewer
  5163 | D:5      | Entered Level 5 of the Dungeon
  5580 | D:5      | Reached XP level 8. HP: 23/58 MP: 13/15
  5889 | D:5      | Got the Lessons on the Violent Winter
  6924 | D:6      | Reached skill level 1 in Translocations
  6924 | D:6      | Reached skill level 1 in Poison Magic
  7200 | D:6      | Reached skill level 1 in Conjurations
  7275 | D:6      | Found a blossoming altar of Fedhas.
  7396 | D:6      | Reached skill level 1 in Shields
  7594 | D:6      | Reached skill level 5 in Spellcasting
  7772 | D:7      | Found a shimmering blue altar of Sif Muna.
  7773 | D:7      | Found a snail-covered altar of Cheibriados.
  7832 | D:7      | Found a sacrificial altar of Ru.
  8072 | D:7      | Gained mutation: You sometimes gain power by taking damage.
                  | [demonic ancestry]
  8072 | D:7      | Reached XP level 9. HP: 44/65 MP: 7/17
  8265 | D:7      | Reached skill level 1 in Short Blades
  8287 | D:7      | Noticed a two-headed ogre
  8314 | D:7      | Killed a two-headed ogre
  8455 | D:7      | Noticed a boulder beetle
  8600 | D:7      | Learned a level 4 spell: Hailstorm
  8782 | D:7      | Killed a boulder beetle
  9178 | D:8      | Noticed Grum
  9184 | D:8      | Killed Grum
  9189 | D:8      | Reached XP level 10. HP: 71/73 MP: 10/20
  9402 | D:8      | Noticed Pikel
  9409 | D:8      | Killed Pikel
  9673 | D:8      | Found a flagged portal.
  9831 | D:8      | Noticed a gargoyle
  9837 | D:8      | Killed a gargoyle
  9997 | D:8      | Found a runed translucent gate.
  9997 | D:8      | Found a runed translucent gate.
 10000 | D:8      | Found a runed translucent gate.
 10001 | D:8      | Noticed Atlas's ghost (novice OpFE)
 10283 | D:8      | Found an opulent altar of Gozag.
 10440 | D:8      | Reached skill level 5 in Short Blades
 10803 | D:8      | Found a viscous altar of Jiyva.
 10947 | D:3      | Killed SweetJohnnyV's ghost
 10963 | D:3      | Killed ytrimaz's ghost
 11172 | D:9      | Noticed Joseph
 11179 | D:9      | Killed Joseph
 11180 | D:9      | Gained mutation: You have a sharp stinger which inflicts
                  | weakening toxins. [demonic ancestry]
 11180 | D:9      | Reached XP level 11. HP: 78/78 MP: 3/23
 11296 | D:9      | Found an ancient bone altar of Kikubaaqudgha.
 11978 | D:9      | Found a staircase to the Orcish Mines.
 12335 | D:9      | Found a bloodstained altar of Trog.
 12810 | D:9      | Noticed a two-headed ogre
 12818 | D:9      | Killed a two-headed ogre
 12833 | D:9      | Learned a level 3 spell: Gell's Gravitas
 12951 | D:9      | Identified a scroll of acquirement
 12951 | D:9      | Acquired an amulet of magic regeneration
 13116 | D:10     | Entered Level 10 of the Dungeon
 13251 | D:10     | Found a transporter.
 13251 | D:10     | Noticed a purple ugly thing
 13253 | D:10     | Found a corrupted altar of Lugonu.
 13315 | D:10     | Noticed Psyche
 13320 | D:10     | Killed Psyche
 13320 | D:10     | Noticed a death yak
 13320 | D:10     | Noticed a death yak
 13326 | D:10     | Noticed a death yak
 13335 | D:10     | HP: 3/78 [death yak (4)]
 13336 | D:10     | Killed a death yak
 13339 | D:10     | Slain by a death yak

Illustrated notes

Levels and vault maps discovered:
D:1:      dpeg_arrival_round_b, layout_basic
D:2:      layout_basic, dreamdust_ecumenical_altar_angels_and_demons,
          uniq_terence
D:3:      layout_loops_corners, nzn_hepliaklqana_mist_gate,
          gammafunk_ghost_cemetery, minmay_joined_circles
D:4:      layout_rooms, kennysheep_mini, temple_pool_b, gup_sewer_entry_bowl,
          uniq_sigmund
D:5:      layout_gridville
D:6:      layout_gridville, nicolae_overflow_crystal_walls,
          minmay_misc_feat_diagonals
D:7:      layout_basic, overflow_temple_1_default,
          chequers_temple_overflow_statue_of_worship
D:8:      layout_loops_ring, mainiacjoe_overflow_chevrons, enter_bailey_5,
          gammafunk_ghost_ooze, uniq_grum, uniq_pikel
D:9:      layout_roguey, tgw_trog, nicolae_overflow_hidden_temple, erik_orc_2,
          uniq_joseph
D:10:     gammafunk_corrupted_shrine, layout_gridville, dpeg_lair_monsters,
          kennysheep_generic_room_14, uniq_psyche

Skill      XL: |  1  2  3  4  5  6  7  8  9 10 11 |
---------------+----------------------------------+-----
Ice Magic      | 4 5 6 7 8 9 |  9.5
Evocations     | 1 2 3 |  3.7
Dodging        | 2 3 4 |  4.6
Staves         | 1 2 |  2.1
Stealth        | 2 3 |  3.1
Fighting       | 1 2 3 4 |  4.7
Spellcasting   | 3 4 5 7 8 9 |  9.5
Translocations | 1 |  1.9
Poison Magic   | 1 |  1.8
Conjurations   | 2 |  2.6
Shields        | 1 2 |  2.1
Short Blades   | 3 5 6 |  6.2
Throwing       | |  0.3

Action                   |  1- 3 |  4- 6 |  7- 9 | 10-12 || total
-------------------------+-------+-------+-------+-------++-------
Melee: Dagger            |    17 |    30 |   143 |   242 ||   432
       Tailslap          |     4 |     9 |    29 |    46 ||    88
       Staff             |    10 |    83 |       |       ||    93
       Punch             |       |       |       |     4 ||     4
Throw: Boomerang         |       |       |     3 |       ||     3
       Throwing net      |       |       |     1 |       ||     1
       Dart              |       |       |       |     5 ||     5
       Javelin           |       |       |       |     3 ||     3
 Cast: Freeze            |    41 |    78 |   102 |    70 ||   291
       Frozen Ramparts   |       |     8 |    15 |    35 ||    58
       Ozocubu's Armour  |       |     5 |    16 |    32 ||    53
       Blink             |       |     2 |     2 |       ||     4
       Hailstorm         |       |       |     2 |    27 ||    29
       Gell's Gravitas   |       |       |       |     7 ||     7
Evoke: Wand              |       |       |     7 |     1 ||     8
  Use: Scroll            |     2 |       |     3 |    15 ||    20
       Potion            |       |     3 |     2 |     3 ||     8
 Stab: Sleeping          |     1 |     2 |     4 |       ||     7
       Invisible         |       |       |     2 |       ||     2
Armor: Robe              |    12 |    29 |    34 |    63 ||   138
       Skin              |       |    31 |       |       ||    31
Dodge: Dodged            |    36 |   114 |   152 |   179 ||   481
Block: Other             |       |       |    42 |    46 ||    88

Table legend: (Time is in decaauts)
 A = Elapsed time spent in this place.
 B = Non-inter-level travel time spent in this place.
 C = Inter-level travel time spent in this place.
 D = Time resting spent in this place.
 E = Time spent auto-exploring this place.
 F = Levels seen in this place.
 G = Mean time per level.
                   A        B        C        D        E       F      G
               +--------+--------+--------+--------+--------+-----+--------+
         Total |  13343 |  12715 |    628 |   1215 |   8732 |  11 | 1213.0 |
       Dungeon |  12850 |  12222 |    628 |   1195 |   8469 |  10 | 1285.0 |
         Sewer |    492 |    492 |      0 |     20 |    262 |   1 |  492.0 |
               +--------+--------+--------+--------+--------+-----+--------+

Top non-repeatable levels by time:
     D:9: 1978 daAuts
     D:8: 1701 daAuts
     D:3: 1662 daAuts
     D:7: 1482 daAuts
     D:5: 1338 daAuts
     D:6: 1240 daAuts
     D:2: 1180 daAuts
     D:1: 1032 daAuts
     D:4: 1012 daAuts
   Sewer: 492 daAuts
    D:10: 222 daAuts
